 Dungeon Crawl Stone Soup version 0.17.0-28-g6e173f8 (webtiles) character file.

164 Ponchio the Covert (level 5, -9/34 HPs)
             Began as an Octopode Assassin on Dec 2, 2015.
             Mangled by an air elemental (10 damage)
             ... created by the adversity of Qazlal
             ... on level 2 of the Dungeon.
             The game lasted 00:12:27 (2114 turns).

Ponchio the Covert (Octopode Assassin)              Turns: 2114, Time: 00:12:27

Health: -9/34      AC:  1    Str: 10    XL:     5   Next: 45%
Magic:  5/5        EV: 12    Int: 14    God:
Gold:   186        SH:  0    Dex: 14    Spells: 0 memorised, 4 levels left

rFire  . . .     SeeInvis .     a - +2 dagger
rCold  . . .     Clarity  .     (no shield)
rNeg   . . .     SustAt   .     (helmet restricted)
rPois  .         Gourm    .     (no amulet)
rElec  .         Spirit   .     (no ring)
rCorr  .         Warding  .     (no ring)
rMut   .         Stasis   .     (no ring)
MR     .....                    (no ring)
Stlth  ++++++....               (no ring)
                                (no ring)
                                (no ring)
                                (no ring)

@: not resistant to hostile enchantments, very stealthy
A: almost no armour, amphibious, 8 rings, constrict 8, camouflage 1, gelatinous
body 1
a: no special abilities


You were on level 2 of the Dungeon.
You were hungry.

You visited 1 branch of the dungeon, and saw 3 of its levels.

You collected 186 gold pieces.

Inventory:

Hand Weapons
 a - a +2 dagger (weapon)
 b - a +0 blowgun
Missiles
 c - 26 poisoned needles
 d - 2 curare-tipped needles
 u - 8 javelins of penetration (quivered)
Scrolls
 f - 5 scrolls of remove curse {unknown}
 h - a scroll of blinking {unknown}
 i - 2 scrolls of teleportation {unknown}
 j - a scroll of random uselessness {unknown}
 l - 3 scrolls of fear {unknown}
 m - 2 scrolls of identify {unknown}
 o - 2 scrolls of enchant armour {unknown}
 p - a scroll of fog {unknown}
 v - a scroll of recharging {unknown}
Potions
 g - 3 potions of heal wounds {unknown}
 k - 2 potions of invisibility {unknown}
 n - a potion of resistance {unknown}
 t - a potion of degeneration {unknown}
Comestibles
 e - 2 bread rations
 q - a beef jerky
 r - a royal jelly
 s - a meat ration


   Skills:
 - Level 2.0 Fighting
 - Level 2.0 Short Blades
 - Level 2.0 Throwing
 - Level 1.0 Dodging
 + Level 9.1 Stealth


You had 4 spell levels left.
You didn't know any spells.

Dungeon Overview and Level Annotations

Branches:
Dungeon (3/15)

Altars:
Qazlal
Zin


Innate Abilities, Weirdness & Mutations

You cannot wear most types of armour.
You are amphibious.
You can wear up to eight rings at the same time.
You can use your tentacles to constrict eight enemies at once.
Your skin changes colour to match your surroundings (Stealth).
Your rubbery body absorbs attacks (AC +1).


Message History

The bat is almost dead.
The bat barely misses you.
You miss the bat. You grab the bat. Your squeeze misses the bat.
The bat is almost dead.
You constrict the bat.
You kill the bat!
You start resting.
Qazlal causes a mighty clap of thunder!
Qazlal incites the elements against you!
The divine experience confuses you!
You are confused.
An air elemental and a water elemental come into view.
The air elemental moves out of view.
The air elemental misses you.
The air elemental completely misses you.
The air elemental closely misses you.
You feel less confused. The air elemental hits you. The air elemental hits you!
* * * LOW HITPOINT WARNING * * *
The air elemental hits you!
You die...

.#
##>....#...###).........##.
.# #).........#
#............. .#
#......##..# #..........###
.# ##.#...###..###.#.......##
.# ##.#....###..##.........##
.# ##.##.###........>.......#
.###.###.#.#.....##....####.#
......##......#..###.#.# #.#
####.#.#......#E@# #.#.#
#.##### #.##...(....E.# #.#.#
#.....# #.###.....#..## #.#.#
#####.# #.# ##...##..# #.#.#
#.# #.# ##.###..# #.#.# #.#
####.#####.###..# #.#.# #.#
..##............####.#.#####
#.#
#..........###.............#
#.# ####.#######
#.#.......###.####.#


You could see a water elemental and an air elemental.

Vanquished Creatures
  Crazy Yiuf (D:2)
  An orc wizard (D:3)
  A gnoll (D:2)
  4 adders
  4 orcs (D:3)
  6 bats
  7 giant cockroaches
  4 hobgoblins
  4 kobolds
  A ball python (D:3)
  3 giant geckos
  4 giant newts
  7 goblins
  A quokka (D:2)
  13 rats
61 creatures vanquished.

Notes
Turn   | Place    | Note
--------------------------------------------------------------
     0 | D:1      | Ponchio the Octopode Assassin began the quest for the Orb.
     0 | D:1      | Reached XP level 1. HP: 14/14 MP: 1/1
   297 | D:1      | Reached XP level 2. HP: 19/19 MP: 2/2
   298 | D:1      | Reached skill level 6 in Stealth
   782 | D:2      | Reached XP level 3. HP: 24/24 MP: 3/3
   871 | D:2      | Found a glowing silver altar of Zin.
   967 | D:2      | Reached skill level 7 in Stealth
  1358 | D:2      | Reached XP level 4. HP: 29/29 MP: 4/4
  1523 | D:2      | Noticed Crazy Yiuf
  1529 | D:2      | Killed Crazy Yiuf
  1529 | D:2      | Reached skill level 8 in Stealth
  1804 | D:3      | Found a faded altar to an unknown god.
  1894 | D:3      | Became a worshipper of Qazlal Stormbringer
  1894 | D:3      | Reached * piety under Qazlal
  1894 | D:3      | Fell from the grace of Qazlal
  1909 | D:3      | Reached XP level 5. HP: 34/34 MP: 5/5
  1998 | D:3      | Reached skill level 9 in Stealth
  2109 | D:2      | Noticed a water elemental
  2109 | D:2      | Noticed an air elemental
  2113 | D:2      | HP: 1/34 [air elemental[the adversity of Qazlal] (11)]
  2114 | D:2      | Mangled by an air elemental

Action                   |  1- 3 |  4- 6 || total
-------------------------+-------+-------++-------
Melee: Dagger            |    57 |    44 ||   101
Invok: Renounce Religion |       |     1 ||     1
 Stab: Sleeping          |    14 |    10 ||    24
       Distracted        |       |     3 ||     3
  Eat: Chunk             |       |     3 ||     3
